 Dungeon Crawl Stone Soup version 0.21-a0-508-gf08a75f (webtiles) character file.

112 Gerstahl the Skirmisher (level 4, -3/44 HPs)
             Began as a Naga Skald on Nov 28, 2017.
             Slain by a phantom (7 damage)
             ... on level 4 of the Dungeon.
             The game lasted 00:08:01 (2494 turns).

Gerstahl the Skirmisher (Naga Skald)                Turns: 2494, Time: 00:08:01

Health: -3/44      AC:  3    Str: 15    XL:     4   Next: 95%
Magic:  7/7        EV:  9    Int:  9    God:
Gold:   128        SH:  0    Dex: 10    Spells: 6/7 levels left

rFire    . . .     SeeInvis +   h - +3 short sword
rCold    . . .     Gourm    .   (no shield)
rNeg     . . .     Faith    .   b - +0 leather armour
rPois    +         Spirit   .   (no helmet)
rElec    .         Reflect  .   (no cloak)
rCorr    .         Harm     .   k - +0 pair of gloves
MR       .....                  (no barding)
Stlth    +.........             (no amulet)
HPRegen  0.14/turn              j - -4 ring of intelligence (curse)
MPRegen  0.10/turn              (no ring)

@: drained, very slow
A: large, see invisible, deformed body, poison resistance, slowness 2, slow
metabolism 1, spit poison 1, AC +1
a: Spit Poison


You were on level 4 of the Dungeon.
You were very hungry.

You visited 1 branch of the dungeon, and saw 4 of its levels.

You collected 128 gold pieces.

Inventory:

Hand Weapons
 a - a +0 falchion
 h - a +3 short sword (weapon)
Armour
 b - a +0 leather armour (worn)
 k - a +0 pair of gloves (worn)
 m - a +0 shield
Jewellery
 e - an uncursed amulet of harm
 j - a cursed -4 ring of intelligence (left hand)
 r - an uncursed ring of fire {unknown}
 v - an uncursed amulet of regeneration {unknown}
Wands
 t - a wand of flame (17)
Scrolls
 g - 7 scrolls of identify {unknown}
 l - a scroll of teleportation {unknown}
 q - a scroll of fog {unknown}
 s - 2 scrolls of amnesia {unknown}
 w - 2 scrolls of enchant armour {unknown}
Potions
 f - 2 potions of heal wounds {unknown}
 i - 2 potions of mutation {unknown}
 n - 5 potions of curing {unknown}
 o - a potion of lignification {unknown}
 p - a potion of brilliance {unknown}
 u - a potion of degeneration {unknown}
Books
 c - a book of Battle

   Spells                             Type                      Level
   a - Infusion                       Charms                       1
   b - Shroud of Golubria             Charms/Translocation         2
   c - Song of Slaying                Charms                       2
   d - Spectral Weapon                Hexes/Charms                 3
   e - Regeneration                   Charms/Necromancy            3
Comestibles
 d - 6 bread rations
 x - a royal jelly


   Skills:
 + Level 3.7(2.7) Fighting
 + Level 3.7(2.7) Long Blades
 - Level 0.7(0.0) Armour
 - Level 1.5(0.6) Dodging
 - Level 2.0(1.0) Spellcasting
 - Level 3.0(2.0) Charms


You had 6 spell levels left.
You knew the following spells:

 Your Spells              Type           Power        Failure   Level  Hunger
a - Infusion              Chrm           #...         21%         1    ##.....


Dungeon Overview and Level Annotations

Branches:
Dungeon (4/15)
 Temple: D:4-7

Altars:
Elyvilon
Makhleb
Zin
The Shining One


Innate Abilities, Weirdness & Mutations

You cannot wear boots.
Your serpentine skin is tough. (AC +1)
You have supernaturally acute eyesight. (SInv)
Armour fits poorly on your strangely shaped body.
Your system is resistant to poisons. (rPois)
You cover ground very slowly.
You have a slow metabolism.
You can spit poison.


Message History

The phantom hits you.
* * * LOW HITPOINT WARNING * * *
Press: ? - help, Shift-Dir - straight line, f - phantom
Aim: a phantom (heavily damaged)
The splash of poison hits the phantom.
The phantom appears unharmed.
The phantom is heavily damaged.
You are feeling very hungry.
The phantom hits you.
* * * LOW HITPOINT WARNING * * *
You puncture the phantom!
The phantom is severely damaged.
The phantom closely misses you.
You barely miss the phantom.
The phantom is severely damaged.
The phantom closely misses you.
You barely miss the phantom.
The phantom is severely damaged.
You have got your breath back.
The phantom hits you!
You die...

..........# #....
..........###+########....
#######.................##
#.................+.
#................###
#..).............#
#................#
#.........#+###..#
#..@......#...#..+
#..W......#...#..+
#.........#...'..#
#.........#...#..#
#.........#...##+#
#.........#......###
#.........#.......#.
#.........#.......#.
#.........#......##.


You could see a phantom.

Vanquished Creatures
  3 adders
  An ooze (D:1)
  An adder skeleton (D:4)
  3 worms (D:3)
  3 dart slugs
  A leopard gecko (D:3)
  An orc (D:3)
  13 bats
  3 giant cockroaches
  4 hobgoblins
  6 kobolds
  2 quokkas
  A ball python (D:3)
  5 frilled lizards
  7 goblins
  6 rats
60 creatures vanquished.

Notes
Turn   | Place    | Note
-------+----------+-------------------------------------------
     0 | D:1      | Gerstahl the Naga Skald began the quest for the Orb.
     0 | D:1      | Reached XP level 1. HP: 19/19 MP: 3/3
    59 | D:1      | Reached XP level 2. HP: 8/27 MP: 5/5
   567 | D:1      | Reached XP level 3. HP: 32/33 MP: 6/6
  1640 | D:3      | Reached XP level 4. HP: 41/42 MP: 7/7
  1837 | D:3      | Found a white marble altar of Elyvilon.
  1837 | D:3      | Found a glowing golden altar of the Shining One.
  1996 | D:3      | Found a glowing silver altar of Zin.
  1996 | D:3      | Noticed an angel
  1997 | D:3      | Found a burning altar of Makhleb.
  1997 | D:3      | Noticed a green death
  2465 | D:4      | Noticed a phantom
  2494 | D:4      | Slain by a phantom

Vault maps used:
D:1:      mushboom_english_gardens
D:2:      first_bread
D:3:      grunt_temple_overflow_order_and_chaos_2,
          gammafunk_temple_overflow_wave, grunt_decor_fettered
D:4:      gammafunk_temple_overflow_pools, minmay_temple_entry_overgrown,
          hangedman_decor_push, kennysheep_generic_room_6

Skill      XL: |  1  2  3 |
---------------+----------+-----
Fighting       | 3 |  3.7
Long Blades    | 3 |  3.7
Armour         | |  0.7
Dodging        | |  1.5
Spellcasting   | |  2.0
Charms         | |  3.0

Action                   |  1- 3 |  4- 6 || total
-------------------------+-------+-------++-------
Melee: Falchion          |    26 |       ||    26
       Short sword       |    52 |    68 ||   120
 Cast: Infusion          |     4 |     4 ||     8
 Abil: Spit Poison       |    28 |    19 ||    47
  Eat: Chunk             |     3 |     3 ||     6
Armor: Leather armour    |    36 |    18 ||    54
Dodge: Dodged            |    45 |    32 ||    77
       Rpst.: Falchion   |     4 |       ||     4

Table legend:
 A = Spawn XP
 B = Non-spawn XP
 C = Spawn XP percentage of total XP
 D = Spawn monster count
 E = Non-spawn monster count
 F = Spawn count percentage of total count
 G = Total turns spent on level
                    A         B        C        D         E        F      G
               +---------+---------+-------+---------+---------+-------+---------
         Total |       0 |     161 |   0.0 |       0 |      60 |   0.0 |  2494
               +---------+---------+-------+---------+---------+-------+---------
           D:1 |       0 |      56 |   0.0 |       0 |      28 |   0.0 |   891
           D:2 |       0 |      24 |   0.0 |       0 |       7 |   0.0 |   729
           D:3 |       0 |      62 |   0.0 |       0 |      23 |   0.0 |   677
           D:4 |       0 |      19 |   0.0 |       0 |       2 |   0.0 |   197
               +---------+---------+-------+---------+---------+-------+---------
